 Dungeon Crawl Stone Soup version 0.20.0-14-g326068f (webtiles) character file.

18 Gargoyl the Skirmisher (level 2, -2/27 HPs)
             Began as a Draconian Abyssal Knight on June 8, 2017.
             Was a Follower of Lugonu.
             Slain by a goblin (5 damage)
             ... led by Robin
             ... on level 2 of the Dungeon.
             The game lasted 00:01:57 (716 turns).

Gargoyl the Skirmisher (Draconian Abyssal Knight)    Turns: 716, Time: 00:01:58

Health: -2/27      AC:  5    Str: 14    XL:     2   Next: 51%
Magic:  3/3        EV:  7    Int: 12    God:    Lugonu [*.....]
Gold:   24         SH: 11    Dex: 10    Spells: 1/1 levels left

rFire    . . .     SeeInvis .   a - +1 hand axe
rCold    . . .     Gourm    .   c - +1 large shield
rNeg     . . .     Faith    .   (armour unavailable)
rPois    .         Spirit   .   (helmet restricted)
rElec    .         Reflect  .   (no cloak)
rCorr    .         Harm     .   (no gloves)
MR       .....                  g - +0 pair of boots
Stlth    +.........             j - amulet of rage
Regen    0.1/turn               (no ring)
MPRegen  0.1/turn               (no ring)

@: no status effects
A: unfitting armour, cold-blooded, AC +4
a: Depart the Abyss, Renounce Religion, Evoke Berserk Rage


You were on level 2 of the Dungeon.
You worshipped Lugonu.
Lugonu was aware of your devotion.
You were not hungry.

You visited 1 branch of the dungeon, and saw 2 of its levels.
You visited the Abyss 1 time.

You collected 24 gold pieces.

Inventory:

Hand Weapons
 a - a +1 hand axe (weapon)
Armour
 c - a +1 large shield (worn)
 g - a +0 pair of boots (worn)
Jewellery
 j - an amulet of rage (around neck)
Potions
 d - a potion of mutation {unknown}
 h - a potion of magic {unknown}
Comestibles
 b - a bread ration
 f - a chunk of flesh
 i - 3 royal jellies
 k - 2 fruits


   Skills:
 + Level 3.7 Fighting
 + Level 2.1 Axes
 * Level 2.4 Dodging
 * Level 0.4 Stealth
 + Level 0.2 Shields
 * Level 2.1 Invocations


You had one spell level left.
You didn't know any spells.

Dungeon Overview and Level Annotations

Branches:
Dungeon (2/15)

Altars:
The Shining One

Annotations:
D:2 Robin


Innate Abilities, Weirdness & Mutations

Your plain brown scales are hard. (AC +4)
You cannot fit into any form of body armour.
You are cold-blooded and may be slowed by cold attacks.


Message History

Your shield prevents you from hitting the goblin.
The hobgoblin hits you. The goblin hits you but does no damage.
The goblin hits you. You block the goblin's attack.
The goblin hits you but does no damage. The goblin hits you with a dagger.
The hobgoblin barely misses you.
You barely miss the goblin.
The goblin is severely wounded.
You hit the goblin.
You kill the goblin!
Lugonu accepts your kill.
You hit the goblin but do no damage.
Your shield prevents you from hitting the goblin.
You barely miss the hobgoblin. You closely miss the goblin.
You block the goblin's attack. The goblin hits you.
The goblin hits you but does no damage. The goblin barely misses you.
The hobgoblin hits you. You block the goblin's attack.
The hobgoblin hits you with a club.
* * * LOW HITPOINT WARNING * * *
The goblin hits you.
You die...

.... #..# .b..
#..# ......#..##
..... ..... ....
...... ."....#..#
.[...## .....g#..#
.......
.....ggg.##.......
.....gg@g..w......
.....gg#g.......!.
......g#..........
.......#....###..
.......#....#
.#######....###
#<.............
#######[######.#
#.#


You could see a worm, Robin, 2 hobgoblins, 8 goblins and a bat.

Vanquished Creatures
  2 dart slugs (D:1)
  6 goblins
  2 kobolds (D:1)
  3 bats (D:1)
  A rat (D:1)
14 creatures vanquished.

Notes
Turn   | Place    | Note
-------+----------+-------------------------------------------
     0 | Abyss:1  | Gargoyl the Draconian Abyssal Knight began the quest for the Orb.
     0 | Abyss:1  | Reached XP level 1. HP: 19/19 MP: 2/2
    96 | Abyss:1  | Noticed a large abomination
   136 | Abyss:1  | Noticed a fire bat
   137 | D:1      | Escaped the Abyss
   403 | D:1      | Reached XP level 2. HP: 23/26 MP: 3/3
   501 | D:1      | Reached * piety under Lugonu
   659 | D:1      | Found a glowing golden altar of the Shining One.
   712 | D:2      | Noticed Robin
   716 | D:2      | Slain by a goblin

Action                   || total
-------------------------++-------
Melee: Hand axe          ||    45
       Tailslap          ||     6
Invok: Depart the Abyss  ||     1
  Use: Scroll            ||     3
 Stab: Sleeping          ||     1
Armor: Skin              ||    24
Dodge: Dodged            ||    25
Block: Large shield      ||    41
